 Dungeon Crawl Stone Soup version 0.18-a0-824-g47fe746 (webtiles) character file.

49 Raultor the Skirmisher (level 3, 0/29 HPs)
             Began as a Demonspawn Fighter on Dec 17, 2015.
             Was an Initiate of Makhleb.
             Slain by an orc
             ... wielding a +0 dagger of venom
              (2 damage)
             ... on level 3 of the Dungeon.
             The game lasted 00:03:56 (1712 turns).

Raultor the Skirmisher (Demonspawn Fighter)         Turns: 1712, Time: 00:03:56

Health: 0/29       AC:  7    Str: 17    XL:     3   Next: 53%
Magic:  3/3        EV:  7    Int:  9    God:    Makhleb [......]
Gold:   87         SH:  9    Dex: 12    Spells: 0 memorised, 2 levels left

rFire  . . .     SeeInvis .     a - +0 flail
rCold  . . .     Gourm    .     b - +0 scale mail
rNeg   . . .     Faith    .     c - +0 shield
rPois  .         Spirit   .     (no helmet)
rElec  .         Dismiss  .     (no cloak)
rCorr  .         Reflect  .     (no gloves)
SustAt .         Harm     .     q - +0 pair of boots
MR     .....                    (no amulet)
Stlth  ..........               (no ring)
                                (no ring)

@: lethally poisoned (0 -> -19), flying, very slightly contaminated, hasted,
very quick, not resistant to hostile enchantments, extremely unstealthy
A: claws 1, demonic guardian 1
a: Renounce Religion


You were on level 3 of the Dungeon.
You worshipped Makhleb.
Makhleb was noncommittal.
You were hungry.

You visited 1 branch of the dungeon, and saw 3 of its levels.

You collected 87 gold pieces.

Inventory:

Hand Weapons
 a - a +0 flail (weapon)
Armour
 b - a +0 scale mail (worn)
 c - a +0 shield (worn)
 q - a +0 pair of boots (worn)
   (You found it on level 2 of the Dungeon)
Scrolls
 h - 3 scrolls of identify {unknown}
 j - a scroll of teleportation {unknown}
 k - a scroll of random uselessness {unknown}
 l - 2 scrolls of enchant armour {unknown}
 o - 2 scrolls of enchant weapon {unknown}
 r - a scroll of amnesia {unknown}
 t - a scroll of magic mapping {unknown}
Potions
 d - 2 potions of might
 m - a potion of poison {!q}
 v - a potion of agility {unknown}
Books
 p - a book of Changes
   (You found it on level 2 of the Dungeon)
Comestibles
 f - 2 bread rations {@e1}
 g - 2 meat rations {@e2}
 n - 2 fruits
 s - a slice of pizza


   Skills:
 + Level 3.4 Fighting
 - Level 2.0 Maces & Flails
 + Level 3.1 Armour
 + Level 3.2 Shields
 * Level 0.1 Unarmed Combat
 + Level 0.3 Invocations


You had 2 spell levels left.
You didn't know any spells.

Dungeon Overview and Level Annotations

Branches:
Dungeon (3/15)

Altars:
Ashenzari
Makhleb
Qazlal
Vehumet
Zin
The Shining One


Innate Abilities, Weirdness & Mutations

You have sharp fingernails.
A weak demonic guardian rushes to your aid.


Message History

v - a viscous puce potion Health restored: 29 You now have 65 gold pieces (gained 3).
You see here a club.
You see here a club.
You now have 75 gold pieces (gained 10).
You see here a club.
You see here a club.
Done exploring.
Done exploring.
You see here a club.
You see here a club.
There is a stone staircase leading down here.
You climb downwards.
There is a stone staircase leading up here.
You now have 87 gold pieces (gained 12).
You see here 13 arrows.
All of the chunks of flesh in your inventory have rotted away.
You open the door.
A rat comes into view.
There is an open door here.
The rat bites you but does no damage.
You barely miss the rat. The rat barely misses you. You block the rat's attack.
You hit the rat. You block the rat's attack.
You hit the rat.
You kill the rat!
Makhleb accepts your kill.
No target in view!
You open the door. 4 orcs and an orc wizard come into view.
The orc wizard shouts!
The orc shouts!
The orc shouts!
The orc hits you with a flail.
There is an open door here.
You take 5 damage, and have 24/29 hp.
You sock the orc!
You kill the orc!
Makhleb accepts your kill.
The orc wizard mumbles some strange words.
The orc wizard flickers and vanishes!
Deactivating autopickup; reactivate with Ctrl-A.
You are feeling hungry.
You hit the orc. The orc closely misses you.
The orc barely misses your ufetubus. Something barely misses your ufetubus.
You hit the orc.
Something hits your ufetubus but does no damage.
The orc hits you with a war axe! The orc barely misses your ufetubus.
Your ufetubus barely misses something.
Your ufetubus hits something but does no damage.
Something hits your ufetubus but does no damage.
You take 7 damage, and have 17/29 hp.
MASSIVE DAMAGE!!
You are too injured to fight recklessly!
You are too injured to fight recklessly!
You closely miss the orc. Your ufetubus hits something.
Your ufetubus barely misses something.
The orc barely misses you. The orc barely misses your ufetubus.
Your ufetubus barely misses something.
Your ufetubus completely misses something.
You hear some strange, mumbled words.
Your ufetubus appears confused.
The orc hits you but does no damage.
The orc hits your ufetubus with a war axe.
Your ufetubus dies!
You closely miss the orc. The orc hits you with a war axe.
You take 2 damage, and have 15/29 hp.
You sock the orc!
You kill the orc!
Makhleb accepts your kill. You block its attack.
You hear some strange, mumbled words.
Something tries to affect you, but you resist.
You block the orc's attack. You block the orc's attack. Something hits you.
Something burns you.
You take 3 damage, and have 14/29 hp.
There is an open door here.
You closely miss the orc. You block the orc's attack.
The orc hits you with a dagger of venom.
You are lethally poisoned!
You take 5 damage, and have 10/29 hp.
Drink which item? (? for menu, Esc to quit)
It was a potion of haste.
You feel yourself speed up.
You feel sick.
The orc hits you with a dagger of venom.
* * * LOW HITPOINT WARNING * * *
You are very lightly contaminated with residual magic.
You take 5 damage, and have 5/29 hp.
Drink which item? (? for menu, Esc to quit)
It was a potion of poison.
That liquid tasted very nasty...
You are more poisoned.
* * * LOW HITPOINT WARNING * * *
You feel sick.
You take 1 damage, and have 4/29 hp.
Drink which item? (? for menu, Esc to quit)
It was a potion of flight.
You feel very buoyant.
You fly up into the air.
* * * LOW HITPOINT WARNING * * *
You feel sick.
The orc hits you with a dagger of venom.
You die...

#.# #.# #.#
#.# #.# #.#
#.# #.# #o#
#.# #.#
#.##########
#o#
#..........#
#@#
##########.#
#.# ####.##
#.# #.....#
#.# #.#####
#.# #.#
#.##########.#
#.........(..#
##############


You could see 2 orcs.

Vanquished Creatures
  An adder (D:2)
  An ooze (D:1)
  A worm (D:2)
  2 orcs (D:3)
  A bat (D:1)
  6 goblins
  2 hobgoblins (D:2)
  2 jackals (D:2)
  3 kobolds (D:1)
  A ball python (D:2)
  2 giant geckos
  4 rats
26 creatures vanquished.

Vanquished Creatures (collateral kills)
  An adder (D:2)
1 creature vanquished.

Grand Total: 27 creatures vanquished

Notes
Turn   | Place    | Note
--------------------------------------------------------------
     0 | D:1      | Raultor the Demonspawn Fighter began the quest for the Orb.
     0 | D:1      | Reached XP level 1. HP: 18/18 MP: 1/1
   263 | D:1      | Reached skill level 3 in Shields
   263 | D:1      | Gained mutation: A weak demonic guardian rushes to your aid. [demonic ancestry]
   263 | D:1      | Reached XP level 2. HP: 21/24 MP: 2/2
   582 | D:2      | Reached skill level 2 in Maces & Flails
   632 | D:2      | HP: 9/36 [poisoned by an adder]
   635 | D:2      | Reached skill level 3 in Armour
   635 | D:2      | Gained mutation: You have sharp fingernails. [demonic ancestry]
   635 | D:2      | Reached XP level 3. HP: 10/29 MP: 3/3
   638 | D:2      | HP: 8/43 [poisoned by an adder]
   645 | D:2      | HP: 7/43 [poisoned by an adder]
   653 | D:2      | HP: 6/43 [poisoned by an adder]
  1363 | D:2      | Found a stormy altar of Qazlal.
  1371 | D:2      | Found a radiant altar of Vehumet.
  1371 | D:2      | Found a burning altar of Makhleb.
  1372 | D:2      | Found a glowing golden altar of the Shining One.
  1375 | D:2      | Found a glowing silver altar of Zin.
  1376 | D:2      | Found a shattered altar of Ashenzari.
  1385 | D:2      | Became a worshipper of Makhleb the Destroyer
  1710 | D:3      | HP: 5/29 [orc/dagger of venom (4)]
  1712 | D:3      | HP: 2/29 [poison (a potion of poison)]
  1712 | D:3      | Slain by an orc

Vault maps used:
D:1:      dpeg_arrival_pits, st_stairs_8
D:2:      minitemple, minmay_hedge_maze
D:3:      lemuel_round_altar, uniq_natasha

Action                   || total
-------------------------++-------
Melee: Flail             ||    91
  Use: Potion            ||     4
  Eat: Chunk             ||     2

Vault maps used:
D:1:      dpeg_arrival_pits, st_stairs_8
D:2:      minitemple, minmay_hedge_maze
D:3:      lemuel_round_altar, uniq_natasha

Table legend:
 A = Turns spent in this place as a percentage of turns spent in the entire game.
 B = Non-inter-level travel turns spent in this place as a percentage of non-inter-level travel turns spent in the entire game.
 C = Inter-level travel turns spent in this place as a percentage of turns spent in this place.
 D = Turns resting spent in this place as a percentage of non-inter-level travel turns spent in this place.
 E = Turns spent auto-exploring this place as a percentage of non-inter-level travel turns spent in this place.
 F = Non-inter-level travel turns spent in this place divided by the number of levels of this place that you've seen.
                   A       B       C       D       E      F
               +-------+-------+-------+-------+-------+----------------------
         Total | 100.0 | 100.0 |   0.7 |   2.7 |  16.4 |  97.3
       Dungeon | 100.0 | 100.0 |   0.7 |   2.7 |  16.4 |  97.3
               +-------+-------+-------+-------+-------+----------------------

Table legend:
 A = Kills in this place as a percentage of kills in entire the game.
 B = Kills by you in this place as a percentage of kills by you in the entire game.
 C = Kills by friends in this place as a percentage of kills by friends in the entire game.
 D = Other kills in this place as a percentage of other kills in the entire game.
 E = Experience gained in this place as a percentage of experience gained in the entire game.
 F = Experience gained in this place divided by the number of levels of this place that you have seen.
                   A       B       C       D       E      F
               +-------+-------+-------+-------+-------+----------------------
         Total | 100.0 | 100.0 | 100.0 |  -nan | 100.0 |  23.7
       Dungeon | 100.0 | 100.0 | 100.0 |  -nan | 100.0 |  23.7
               +-------+-------+-------+-------+-------+----------------------
